 Dungeon Crawl Stone Soup version 0.24.0-2-g5b39cebb1c (webtiles) character file.

Game seed: 1828828274851304969, levelgen mode: deterministic

1378 Mesmaeker13 the Shield-Bearer (level 8, -1/65 HPs)
             Began as a Formicid Fighter on Oct 29, 2019.
             Killed from afar by Dowan (7 damage)
             ... with a shard of ice
             ... on level 5 of the Dungeon.
             The game lasted 00:06:13 (5845 turns).

Mesmaeker13 the Shield-Bearer (Formicid Fighter)    Turns: 5845, Time: 00:06:14

Health: -1/65      AC: 14    Str: 23    XL:     8   Next: 98%
Magic:  8/8        EV: 10    Int:  7    God:
Gold:   312        SH: 11    Dex: 16    Spells: 7/7 levels left

rFire    . . .     SeeInvis +   a - +1 war axe
rCold    . . .     Gourm    .   c - +0 shield
rNeg     . . .     Faith    .   y - +0 plate armour
rPois    .         Spirit   .   (helmet unavailable)
rElec    .         Reflect  .   (no cloak)
rCorr    .         Harm     .   n - +0 pair of gloves
MR       .....                  (no boots)
Stlth    ..........             (no amulet)
HPRegen  0.20/turn              m - +4 ring of evasion
MPRegen  0.11/turn              b - +5 ring of dexterity

@: no status effects
A: permanent stasis, dig shafts and tunnels, four strong arms, antennae 3
a: Dig, Shaft Self


You were on level 5 of the Dungeon.
You were hungry.

You visited 1 branch of the dungeon, and saw 5 of its levels.

You collected 312 gold pieces.

Inventory:

Hand Weapons
 a - a +1 war axe (weapon)
Missiles
 u - 4 atropa-tipped darts (quivered)
 x - 6 poisoned darts
Armour
 c - a +0 shield (worn)
 n - a +0 pair of gloves (worn)
 y - a +0 plate armour (worn)
Jewellery
 b - a +5 ring of dexterity (right hand)
 l - an uncursed ring of flight
 m - a +4 ring of evasion (left hand)
Wands
 e - a wand of digging (1)
Scrolls
 g - a scroll of fear {unknown}
 j - a scroll of immolation
 p - a scroll of enchant armour
 s - a scroll of amnesia {unknown}
 v - 2 scrolls of remove curse {unknown}
Potions
 d - a potion of cancellation {unknown}
 h - 3 potions of haste
 i - 3 potions of invisibility {unknown}
 o - a potion of degeneration {unknown}
 r - a potion of brilliance {unknown}
 t - 3 potions of agility {unknown}
 w - a potion of might
Comestibles
 f - 8 rations


   Skills:
 + Level 6.6 Fighting
 + Level 5.4 Axes
 + Level 6.5 Armour
 + Level 7.1 Shields


You had 7 spell levels left.
You didn't know any spells.
Your spell library was empty.

Dungeon Overview and Level Annotations

Branches:
Dungeon (5/15)             Temple (0/1) D:5

Altars:
Ashenzari
Gozag

Annotations:
D:5 Dowan


Innate Abilities, Weirdness & Mutations

You cannot be hasted, slowed, berserked, paralysed or teleported.
You can dig through walls and to a lower floor.
Your four strong arms can wield two-handed weapons with a shield.
You have a pair of large antennae on your head. (SInv)


Message History

Dowan is severely wounded.
Dowan hits you but does no damage.
You barely miss Dowan.
Dowan is severely wounded.
Dowan gestures wildly while chanting.
Dowan blinks!
Dowan gestures at you while chanting. The stone arrow hits you!
Dowan casts a spell at you. The shard of ice hits you!!
* * * LOW HITPOINT WARNING * * *
You are too injured to fight recklessly!
You are too injured to fight recklessly!
You are too injured to fight recklessly!
You are too injured to fight recklessly!
Your plate armour prevents you from hitting Dowan.
Dowan is severely wounded.
Dowan casts a spell at you. The shard of ice hits you!
You die...

..............#
#########.#.#...
..............#
#.......#.#.#...
##########....#
#.#####.#.#.#...
#....####[# #.#.#.#...
#....##...# #.#.#.#>..
######....##...#
###.#.#.#...
+..............#
#...........
###########§.e.#
#......≈≈≈≈≈ ........@..#
#....≈≈≈≈≈≈≈
######.....###..≈≈≈≈≈≈≈≈≈
#.####....≈≈≈≈≈≈≈≈≈≈ #####
#..)(#.##.≈≈≈≈≈≈...≈
......####.#.#..≈≈≈≈≈≈.>.≈
#.e....#.#..≈≈≈≈≈≈...≈
.......#####.#...≈≈≈≈≈≈≈≈
####... #.#.....≈≈≈≈≈ #.#.
#.#.......≈≈


You could see Dowan.

Vanquished Creatures
  Grinder (D:3)
  Sigmund (D:3)
  Eustachio (D:5)
  Menkaure (D:5)
  Duvessa (D:5)
  A centaur (D:4)
  2 scorpions
  A water moccasin skeleton (D:4)
  A howler monkey (D:4)
  3 hounds
  2 orc priests
  Natasha (D:3)
  An iguana (D:3)
  A worker ant (D:2)
  A hound zombie (D:5)
  A hound skeleton (D:4)
  A worker ant zombie (D:5)
  6 adders
  An ooze (D:2)
  2 worms
  5 dart slugs
  4 leopard geckos
  11 orcs
  6 bats
  7 giant cockroaches
  6 goblins
  7 hobgoblins
  9 kobolds
  A quokka (D:3)
  A ball python (D:5)
  5 frilled lizards
  A jackal zombie (D:5)
  14 rats
107 creatures vanquished.

Notes
Turn   | Place    | Note
-------+----------+-------------------------------------------
     0 | D:1      | Mesmaeker13 the Formicid Fighter began the quest for the
                  | Orb.
     0 | D:1      | Reached XP level 1. HP: 18/18 MP: 1/1
   346 | D:1      | Reached XP level 2. HP: 24/24 MP: 2/2
   729 | D:1      | Reached XP level 3. HP: 26/29 MP: 3/3
  1007 | D:2      | Reached skill level 4 in Shields
  1193 | D:2      | Reached XP level 4. HP: 37/37 MP: 4/4
  1645 | D:2      | Found an opulent altar of Gozag.
  2121 | D:3      | Reached XP level 5. HP: 22/42 MP: 5/5
  2310 | D:3      | Noticed Sigmund
  2341 | D:3      | Killed Sigmund
  2341 | D:3      | Reached skill level 5 in Shields
  2341 | D:3      | Reached XP level 6. HP: 30/50 MP: 6/6
  2881 | D:3      | Noticed Grinder
  2906 | D:3      | Killed Grinder
  2906 | D:3      | Reached skill level 5 in Fighting
  2906 | D:3      | Reached skill level 5 in Armour
  2906 | D:3      | Reached XP level 7. HP: 42/56 MP: 7/7
  3182 | D:3      | Noticed Natasha
  3194 | D:3      | Killed Natasha
  3932 | D:4      | Reached skill level 6 in Shields
  4158 | D:4      | Found a shattered altar of Ashenzari.
  4192 | D:4      | Reached XP level 8. HP: 26/64 MP: 8/8
  4903 | D:5      | Entered Level 5 of the Dungeon
  5024 | D:5      | Noticed Eustachio
  5043 | D:5      | Killed Eustachio
  5043 | D:5      | Reached skill level 5 in Axes
  5591 | D:5      | Noticed Menkaure
  5598 | D:5      | Killed Menkaure
  5598 | D:5      | Reached skill level 7 in Shields
  5706 | D:5      | Found a staircase to the Ecumenical Temple.
  5804 | D:5      | Noticed Dowan
  5805 | D:5      | Noticed Duvessa
  5832 | D:5      | Killed Duvessa
  5845 | D:5      | Killed from afar by Dowan

Levels and vault maps discovered:
D:1:      dpeg_arrival_tiny_i, layout_basic
D:2:      layout_basic, old_standard_altar
D:3:      layout_loops_corners, minmay_joined_circles, uniq_sigmund,
          uniq_grinder, uniq_natasha
D:4:      layout_gridville, first_ration, ashenzari_altar_1
D:5:      layout_basic, temple_pool_b, lemuel_blue_sif_altar, uniq_duvessa,
          uniq_menkaure, uniq_eustachio

Skill      XL: |  1  2  3  4  5  6  7  8 |
---------------+-------------------------+-----
Shields        | 4 5 6 7 |  7.1
Fighting       | 4 5 6 |  6.6
Armour         | 4 5 6 |  6.5
Axes           | 3 4 5 |  5.4

Action                   |  1- 3 |  4- 6 |  7- 9 || total
-------------------------+-------+-------+-------++-------
Melee: War axe           |    74 |   170 |   185 ||   429
Throw: Dart              |       |     1 |     5 ||     6
       Throwing net      |       |       |     1 ||     1
  Use: Potion            |       |     4 |     1 ||     5
       Scroll            |       |     6 |     1 ||     7
 Stab: Held in net/web   |       |       |     2 ||     2
  Eat: Chunk             |     1 |     2 |     6 ||     9
       Ration            |       |     1 |     1 ||     2
Armor: Scale mail        |    40 |     5 |       ||    45
       Chain mail        |       |    58 |       ||    58
       Plate armour      |       |     6 |   107 ||   113
Dodge: Dodged            |    23 |    48 |    69 ||   140
Block: Shield            |    44 |    67 |   133 ||   244
